[Event "76th Montenegro Championship 2024"]
[Site "Podgorica"]
[Date "2024.02.10"]
[Round "5.17"]
[White "Kalezic, Blazo"]
[Black "Kadic, Branislav"]
[Result "1-0"]
[ECO "B12"]
[WhiteElo "2407"]
[BlackElo "1970"]
[Annotator "TA"]
[PlyCount "59"]
[EventDate "2024.02.06"]
[EventType "swiss"]
[EventCountry "MNE"]
[SourceTitle "playchess.com"]
[Source "ChessBase"]
[SourceQuality "1"]
[TimeControl "40/5400+30:1800+30"]

1. e4 c6 2. d4 d5 3. e5 Bf5 4. Nc3 e6 5. g4 Bg6 6. Nge2 Be7 7. Be3 Nd7 {[%emt 0:08:59] [#]} 8. h4 $1 Bxh4 9. Qd2 {[%emt 0:00:13] Strongly threatening g5.} Be7 10. Nf4 {[%emt 0:00:13] The position is equal.} (10. O-O-O $5) 10... Nf8 (10... Bb4 $11) 11. Nxg6 ({Better is} 11. O-O-O $16) 11... fxg6 12. Bd3 (12. O-O-O $16) 12... Bb4 $11 13. a3 {[%emt 0:00:42][%mdl 1024] White has compensation.} Qa5 14. Ke2 ({Of course not} 14. axb4 Qxa1+ 15. Nd1 a5 $15) 14... Be7 (14... Bxc3 $1 $11 15. Qxc3 (15. bxc3 O-O-O $14) 15... Qxc3 16. bxc3 Ne7) 15. f4 $36 {[%emt 0:01:54][%mdl 2048] White is more active.} O-O-O 16. b4 Qc7 17. g5 Re8 (17... Kb8 $16) 18. Rab1 {[%emt 0:01:43] b5 would now be deadly.} b6 19. Rb3 {[%emt 0:03:32] White has more active pieces.} Kb7 20. a4 {[%emt 0:02:34][%cal Ba3a4,Ba4a5][%mdl 32] And now b5 would win.} h5 $2 {[%emt 0:02:14] This move loses the game for Black.} (20... Kb8 $16 {was necessary.} 21. Na2 Qb7) 21. Kf2 (21. b5 $18 c5 22. dxc5 Bxc5 23. Bxc5 Qxc5 24. a5) 21... h4 22. Kg2 Nd7 23. Bxg6 Rf8 24. Bd3 Bd8 (24... h3+ {was called for.} 25. Rxh3 Rxh3) 25. a5 $18 b5 $2 {[%emt 0:01:40] [#]} (25... Ne7 26. axb6 Nxb6) 26. Nxb5 $1 {[%emt 0:00:37][%mdl 512] White is clearly winning.} cxb5 27. Rc3 $1 ({Not} 27. Bxb5 Nb8 $14 (27... Ne7 $2 28. Rc3 $18)) 27... Qxc3 28. a6+ Kxa6 29. Qxc3 Kb7 {[%emt 0:01:50] Repels Qc6+} 30. Bxb5 {[%emt 0:00:26] Weighted Error Value: White=0.24 (precise) /Black=0.50.  Loses game:     	---       	Black=1      Mistake:       	White=3     	Black=5      Inaccurate:     	White=1     	Black=2      OK:         	White=8     	Black=6      Brilliant:      	White=1     	---} 1-0

[Event "76th Montenegro Championship 2024"]
[Site "Podgorica"]
[Date "2024.02.10"]
[Round "5.18"]
[White "Cadjenovic, Dragan"]
[Black "Nenezic, Danilo"]
[Result "0-1"]
[ECO "B92"]
[WhiteElo "1809"]
[BlackElo "2086"]
[Annotator "NA RC"]
[PlyCount "49"]
[EventDate "2024.02.06"]
[EventType "swiss"]
[EventCountry "MNE"]
[SourceTitle "playchess.com"]
[Source "ChessBase"]
[SourceQuality "1"]
[TimeControl "40/5400+30:1800+30"]

1. e4 c5 2. Nf3 d6 3. d4 cxd4 4. Nxd4 Nf6 5. Nc3 a6 6. Be2 e5 7. Nb3 Be7 8. Bg5 Be6 9. Qd2 Nbd7 10. Rd1 O-O 11. O-O b5 12. a3 Qc7 13. Kh1 Rfd8 14. Bd3 Nb6 15. Nc1 d5 16. Bxf6 Bxf6 17. exd5 Nxd5 18. Ne4 h6 19. Nxf6+ Nxf6 20. Qe2 Re8 21. Rfe1 e4 22. Bxe4 Bg4 23. f3 Rxe4 24. Qxe4 Nxe4 25. Rxe4 0-1

[Event "76th Montenegro Championship 2024"]
[Site "Podgorica"]
[Date "2024.02.11"]
[Round "6.1"]
[White "Petrov, Nikita"]
[Black "Djukic, Nikola"]
[Result "1/2-1/2"]
[ECO "B31"]
[WhiteElo "2563"]
[BlackElo "2529"]
[Annotator "RC"]
[PlyCount "27"]
[EventDate "2024.02.06"]
[EventType "swiss"]
[EventCountry "MNE"]
[SourceTitle "playchess.com"]
[Source "ChessBase"]
[SourceQuality "1"]
[TimeControl "40/5400+30:1800+30"]

1. e4 c5 2. Nf3 Nc6 3. Bb5 g6 4. O-O Bg7 5. d3 e5 6. a3 Nge7 7. b4 cxb4 8. axb4 O-O 9. Nbd2 d5 10. c3 Qc7 11. Ba4 Nd8 12. Bb2 Ne6 13. g3 b6 14. Bb3 1/2-1/2

[Event "76th Montenegro Championship 2024"]
[Site "Podgorica"]
[Date "2024.02.11"]
[Round "6.2"]
[White "Tomic, Aleksandar"]
[Black "Kadric, Denis"]
[Result "1/2-1/2"]
[ECO "B22"]
[WhiteElo "2398"]
[BlackElo "2584"]
[Annotator "RC"]
[PlyCount "41"]
[EventDate "2024.02.06"]
[EventType "swiss"]
[EventCountry "MNE"]
[SourceTitle "playchess.com"]
[Source "ChessBase"]
[SourceQuality "1"]
[TimeControl "40/5400+30:1800+30"]

1. e4 c5 2. c3 Nf6 3. e5 Nd5 4. d4 cxd4 5. Nf3 Nc6 6. Bc4 e6 7. cxd4 d6 8. O-O Be7 9. a3 O-O 10. Qe2 Qb6 11. Rd1 Na5 12. Bxd5 exd5 13. Nc3 Qc6 14. exd6 Bxd6 15. Ne5 Bxe5 16. dxe5 Be6 17. Nb5 Qa6 18. Qd3 Rac8 19. Nd4 Qxd3 20. Rxd3 Rc4 21. Be3 1/2-1/2

[Event "76th Montenegro Championship 2024"]
[Site "Podgorica"]
[Date "2024.02.11"]
[Round "6.3"]
[White "Draskovic, Luka"]
[Black "Ivanovic, Bozidar"]
[Result "1-0"]
[ECO "A30"]
[WhiteElo "2481"]
[BlackElo "2403"]
[Annotator "TA"]
[PlyCount "89"]
[EventDate "2024.02.06"]
[EventType "swiss"]
[EventCountry "MNE"]
[SourceTitle "playchess.com"]
[Source "ChessBase"]
[SourceQuality "1"]
[TimeControl "40/5400+30:1800+30"]

1. Nf3 Nf6 2. c4 e6 3. g3 b6 4. Bg2 Bb7 5. O-O Be7 6. b3 O-O 7. Bb2 c5 8. d4 cxd4 9. Qxd4 Nc6 10. Qd2 Ne4 11. Qc1 d5 {[%emt 0:04:54] The position is equal.} 12. Rd1 Bf6 ({Black should try} 12... f5 $11) 13. Nc3 Qe7 (13... Nxc3 $11 14. Bxc3 Rc8) 14. cxd5 $16 Nxc3 15. Bxc3 exd5 16. Bxf6 Qxf6 17. e3 Rfd8 18. Nd4 Ne5 19. Qd2 h5 20. h3 Rac8 21. Rac1 Rc5 22. Rc2 Rdc8 23. Rdc1 Qd8 (23... a5 $14) 24. b4 Rxc2 25. Rxc2 Rxc2 26. Qxc2 g6 27. Qc3 Qd7 28. Ne2 Qd6 29. Nf4 Nd7 30. Qd4 {[%emt 0:01:14] White is more active.} Nf6 31. e4 {[%emt 0:00:40][%cal Be3e4,Be4d5][%mdl 32] [#] Threatens to win with e5.} Qc6 (31... Nd7 $16 {might work better.}) 32. exd5 Qd6 33. a4 $36 {[%emt 0:00:41][%mdl 2048] White has strong initiative.} Nd7 34. a5 ({Better is} 34. Nd3) 34... Ne5 (34... Ba6 $16) 35. axb6 axb6 36. Ne2 Bc8 37. Nc3 {[%emt 0:04:07] [#] Hoping for Ne4.} Bxh3 $2 {[%emt 0:01:10] This costs Black the game.} (37... Qf6 $16 38. Kh1 Bf5) 38. f4 $18 Nc6 39. Qxb6 (39. dxc6 Qxd4+ 40. Kh2 Bxg2 (40... Qxc3 $2 41. Bxh3 Qxc6 42. g4 $19) 41. Kxg2 Qd2+ (41... Qxc3 {is a self mate.} 42. b5 Qc5 43. Kf3 Qxb5 44. c7 Qc6+ 45. Ke3 Qxc7 46. Ke2 Qc2+ 47. Ke3 f5 48. Kd4 Kf7 49. Ke3 Ke7 50. Kd4 Qb3 51. g4 hxg4 52. Ke5 Qe3+ 53. Kd5 Qe4#) 42. Kh1 Qxc3 43. Kg2 Qxc6+ 44. Kf2 Qc3 (44... Qc2+ 45. Ke3 f5 46. Kd4 Kf7 47. Kd5 Ke7 48. Kd4 Qb3 49. b5 Kf7 50. g4 hxg4 51. Ke5 Qb4 52. Kd5 Qc5#) 45. Kg2 Qe1 (45... Qxb4 {leads to mate.} 46. Kh2 Qd2+ 47. Kg1 b5 48. Kh1 b4 49. f5 b3 50. fxg6 b2 51. gxf7+ Kxf7 52. Kg1 b1=Q#) 46. Kf3 Qd2 (46... Qxb4 47. Ke3 Qc3+ 48. Kf2 b5 49. Ke2 b4 50. Kf2 b3 51. f5 b2 52. fxg6 Qd2+ 53. Kf3 b1=Q 54. gxf7+ Kxf7 55. g4 Qbd3#) 47. Ke4 f5+ (47... Qxb4+ 48. Ke3 f5 49. Ke2 Qc3 50. Kd1 Qxg3 51. Ke2 h4 52. Kd2 h3 53. Ke2 h2 54. Kd2 h1=Q 55. Kc2 Qhh2+ 56. Kd1 Qgg1#) 48. Kf3 b5 (48... Qxb4 49. Ke2 Qc3 50. Kd1 b5 51. Ke2 b4 52. Kf2 b3 53. Kg2 b2 54. Kh3 b1=Q 55. Kh2 Qcc2+ 56. Kh3 Qh1#) 49. g4 hxg4+ (49... Qxb4 50. gxh5 Qe4+ 51. Kf2 gxh5 52. Kf1 h4 53. Kf2 h3 54. Kf1 h2 55. Kf2 h1=Q 56. Kg3 Qeg2#) 50. Kg3 Kh7 (50... Qxb4 51. Kg2 Qd2+ 52. Kg3 Kh7 53. Kh4 Qe1+ 54. Kg5 Qe7#) 51. Kh4 Qe1+ 52. Kg5 Qe7#) 39... Bxg2 40. Kxg2 Qxb4 41. Qxc6 Qb2+ 42. Kf3 {[%emt 0:00:13] White threatens d6 and mate.} h4 43. gxh4 {[%emt 0:00:41] d6 would kill now.} Qh2 44. Qe8+ Kg7 45. Qe5+ {[%emt 0:00:07] Weighted Error Value: White=0.13 (very precise) /Black=0.80.  Loses game:     	---       	Black=1      Mistake:       	White=1     	Black=5      Inaccurate:     	White=4     	Black=2      OK:         	White=8     	Black=10     Best:        	White=2     	---} 1-0

[Event "76th Montenegro Championship 2024"]
[Site "Podgorica"]
[Date "2024.02.11"]
[Round "6.4"]
[White "Smirnov, Artem"]
[Black "Skvortsov, Andrei"]
[Result "1-0"]
[ECO "D37"]
[WhiteElo "2406"]
[BlackElo "2307"]
[Annotator "RC"]
[PlyCount "113"]
[EventDate "2024.02.06"]
[EventType "swiss"]
[EventCountry "MNE"]
[SourceTitle "playchess.com"]
[Source "ChessBase"]
[SourceQuality "1"]
[TimeControl "40/5400+30:1800+30"]

1. d4 d5 2. c4 e6 3. Nc3 a6 4. cxd5 exd5 5. Nf3 Be7 6. Bf4 Nf6 7. e3 O-O 8. Qc2 Nh5 9. Be5 Nc6 10. Bg3 g6 11. a3 Re8 12. Be2 Bf6 13. O-O Bf5 14. Qb3 Nxg3 15. hxg3 Ne7 16. Qxb7 Rb8 17. Qxa6 Rb6 18. Qa4 Rxb2 19. Rfc1 c6 20. Qd1 Qa5 21. Bd3 Reb8 22. Bxf5 Nxf5 23. Na4 R2b5 24. Rxc6 Be7 25. Ne5 Qa8 26. Rcc1 R8b7 27. Nc3 Ra5 28. g4 Nd6 29. Nc6 Rxa3 30. Nxd5 Bg5 31. Ne5 Rxa1 32. Rxa1 Qc8 33. Qa4 Qe6 34. Qc6 Rb8 35. Ra8 Rxa8 36. Qxa8+ Kg7 37. Qc6 f6 38. Nf3 Kh6 39. Nc7 Qe7 40. Nd5 Qd8 41. Qc7 Qxc7 42. Nxc7 f5 43. Ne6 Be7 44. g5+ Kh5 45. g3 Ne4 46. Nf4+ Kg4 47. Kg2 Ba3 48. Ne6 Kh5 49. Nf4+ Kg4 50. Nd5 Kh5 51. Nf6+ Nxf6 52. gxf6 g5 53. Ne5 Kh6 54. Kf3 Bb4 55. g4 fxg4+ 56. Kxg4 Be1 57. Kf5 1-0

[Event "76th Montenegro Championship 2024"]
[Site "Podgorica"]
[Date "2024.02.11"]
[Round "6.5"]
[White "Draganic, Veljko"]
[Black "Sukovic, Andrej"]
[Result "1-0"]
[ECO "B94"]
[WhiteElo "2323"]
[BlackElo "2339"]
[Annotator "TA"]
[PlyCount "69"]
[EventDate "2024.02.06"]
[EventType "swiss"]
[EventCountry "MNE"]
[SourceTitle "playchess.com"]
[Source "ChessBase"]
[SourceQuality "1"]
[TimeControl "40/5400+30:1800+30"]

1. e4 c5 2. Nf3 d6 3. d4 cxd4 4. Nxd4 Nf6 5. Nc3 a6 6. Bg5 Nbd7 7. Bc4 Qb6 8. Bb3 e6 9. Qd2 Be7 {[%emt 0:00:13] The position is equal.} 10. O-O-O Nc5 11. Rhe1 {[%emt 0:06:12][%cal Od4f5] [#] Nf5! would now be deadly.} O-O 12. f4 {[%emt 0:04:55] e5 is the strong threat.} h6 13. Bxf6 Bxf6 14. Kb1 Qc7 15. g4 b5 $1 16. g5 hxg5 17. fxg5 Be5 18. Nf3 Bd7 19. Nxe5 dxe5 20. Qf2 {[%emt 0:07:52] [#] aiming for Qh4.} b4 21. Qh4 {[%emt 0:10:06][%cal Oe1e3] Strongly threatening Re3!} bxc3 22. Re3 $1 {[%emt 0:00:10] Rh3 would kill now.} Rfd8 $1 (22... Nxb3 23. Rh3 f5 24. g6 Nd2+ 25. Rxd2 cxd2 26. Qh8#) 23. g6 $1 {[%emt 0:11:46] White threatens gxf7+ and mate.} (23. Rh3 Kf8 24. g6 (24. Qh8+ $2 Ke7 $19) 24... Bb5 $19 (24... fxg6 25. Qh8+ Kf7 26. Rf3+ Ke7 27. Qxg7+ Ke8 28. Qf8#) (24... Nxb3 $2 25. axb3 Bb5 26. Re1 $18)) 23... Bb5 $1 (23... fxg6 $2 24. Rh3 Kf7 25. Rf1+ Ke8 26. Rhf3 $18 (26. Rxc3 Bb5 $11)) 24. gxf7+ $40 {[%emt 0:00:22][%mdl 128] White has some attack.} Kxf7 25. Rg1 {[%emt 0:01:59] Black must now prevent Rf3+. Some like it hot} Rg8 $2 (25... Nxb3 $11 {and Black is okay.} 26. axb3 Ke8) 26. Rxc3 $18 Ke8 (26... Raf8 {is a better defense.} 27. a4 (27. Qf2+ Ke7 $11) 27... Bd7 28. Qf2+ Ke7 29. Rxc5 (29. Qxc5+ Qxc5 30. Rxc5 g5 $18) 29... Rxf2 30. Rxc7 Rf4) 27. Bxe6 Nxe6 (27... Rf8 $2 28. Qh5+ Kd8 29. Rd1+ Ke7 30. Bd5 $18) 28. Rxc7 Nxc7 29. Qh5+ Kd7 $2 (29... Ke7 30. Qg5+ (30. Qxe5+ Ne6 $11) 30... Kd7 31. Qxe5 Rae8 32. Rxg7+ Rxg7 33. Qxg7+ Kc8) 30. Qf7+ {[%emt 0:00:33] White is clearly winning.} Kc6 31. c4 ({Worse is} 31. Rxg7 Rxg7 32. Qxg7 Kd6 $11) 31... Ba4 32. b3 (32. Rxg7 Rxg7 33. Qxg7 Kb7 $18) 32... Rgf8 33. Qxg7 Rae8 34. Rd1 Kb7 35. bxa4 {[%emt 0:00:10] Weighted Error Value: White=0.02 (flawless) /Black=0.43.  Loses game:     	---       	Black=1      Mistake:       	---       	Black=2      Inaccurate:     	---       	Black=2      OK:         	White=12    	Black=8      Best:        	White=3     	Black=2      Strong:       	White=2     	Black=3} 1-0

[Event "76th Montenegro Championship 2024"]
[Site "Podgorica"]
[Date "2024.02.11"]
[Round "6.6"]
[White "Vukcevic, Nemanja"]
[Black "Nikcevic, Nebojsa"]
[Result "1/2-1/2"]
[ECO "C24"]
[WhiteElo "2275"]
[BlackElo "2338"]
[Annotator "TA"]
[PlyCount "49"]
[EventDate "2024.02.06"]
[EventType "swiss"]
[EventCountry "MNE"]
[SourceTitle "playchess.com"]
[Source "ChessBase"]
[SourceQuality "1"]
[TimeControl "40/5400+30:1800+30"]

1. e4 e5 2. Bc4 Nf6 3. d3 c6 4. Nf3 Be7 5. O-O d6 6. Bb3 O-O 7. Re1 Nbd7 8. c3 Nc5 9. Bc2 Bg4 10. h3 Bh5 11. Nbd2 Ne6 12. Nf1 Nd7 13. g4 Bg6 14. Ng3 Ng5 15. Bxg5 Bxg5 16. d4 Bf4 17. Ne2 Qf6 18. Kg2 h5 19. Nxf4 hxg4 20. Ng1 Qxf4 {[%emt 0:11:46] The position is equal.} 21. Qxg4 Qxg4+ 22. hxg4 Rfe8 23. dxe5 dxe5 24. Rad1 Rad8 25. f3 {[%emt 0:10:16] Weighted Error Value: White=0.06 (flawless) /Black=0.06 (flawless) .  OK:         	White=5     	Black=8} 1/2-1/2

[Event "76th Montenegro Championship 2024"]
[Site "Podgorica"]
[Date "2024.02.11"]
[Round "6.7"]
[White "Vujosevic, Vladimir"]
[Black "Zherebtsova, Alexandra"]
[Result "1/2-1/2"]
[ECO "C63"]
[WhiteElo "2335"]
[BlackElo "2270"]
[Annotator "TA"]
[PlyCount "68"]
[EventDate "2024.02.06"]
[EventType "swiss"]
[EventCountry "MNE"]
[SourceTitle "playchess.com"]
[Source "ChessBase"]
[SourceQuality "1"]
[TimeControl "40/5400+30:1800+30"]

1. e4 e5 2. Nf3 Nc6 3. Bb5 f5 4. Bxc6 dxc6 5. Nc3 Nf6 6. Qe2 Bd6 7. d3 (7. d4 {feels hotter.} exd4 8. e5 dxc3 9. exf6+ Kf8 10. fxg7+ Kxg7 11. O-O) 7... f4 8. g3 Qe7 9. h3 {[%emt 0:23:36] Prevents Bg4. The position is equal.} fxg3 10. fxg3 Nh5 11. Qg2 O-O 12. Be3 Bc5 13. Bxc5 Qxc5 14. Kd2 {[%emt 0:00:07] Inhibits Qe3+.} Bd7 15. Raf1 Rf6 16. a3 Raf8 17. Nd1 Rg6 {[%emt 0:03:14] [#]} (17... R8f7 $11) 18. g4 $1 $16 Nf4 19. Qf2 Qa5+ {[%emt 0:00:59] [#]} (19... Qb5 $14) 20. b4 $1 ({But not} 20. Kc1 $6 Rgf6 $11) 20... Qxa3 21. Nxe5 Qxb4+ 22. Nc3 {[%emt 0:04:57] A dynamic duo of knights.} Rd6 (22... Bc8 $16) 23. Qxa7 $2 ({Only move:} 23. Qe3 $1 $18) 23... c5 $36 {[%emt 0:09:35][%mdl 2048] Black has some pressure.} 24. Qa2+ (24. Nxd7 $5 Rxd7 25. Qa4 Qxa4 26. Nxa4 $11) 24... Be6 25. Qb1 {[%emt 0:00:19] Strongly threatening Qxb4. Really sharp!} Ra6 $1 ({Don't play} 25... Qd4 26. Nf3 Qb4 27. Qxb4 cxb4 28. Nb5 $11) 26. Qxb4 cxb4 27. Ne2 Nxe2 28. Rxf8+ Kxf8 29. Kxe2 $15 {[%emt 0:00:20][%mdl 4096] Endgame. KRB-KRN} Ra2 30. Kd2 (30. Rc1 $1 $15) 30... b3 $2 (30... Bb3 $19 31. Rb1 Rxc2+ 32. Ke3 Rc3) 31. Rc1 $11 Ke7 32. Kc3 Rxc2+ 33. Rxc2 bxc2 34. Kxc2 c5 {[%emt 0:01:13] Weighted Error Value: White=0.25 (precise) /Black=0.33.  Loses game:     	White=1     	---        Missed win:     	White=1     	Black=1      Mistake:       	---       	Black=3      Inaccurate:     	White=3     	Black=2      OK:         	White=11    	Black=8      Best:        	White=2     	Black=1      Strong:       	White=2     	Black=1} 1/2-1/2

[Event "76th Montenegro Championship 2024"]
[Site "Podgorica"]
[Date "2024.02.11"]
[Round "6.10"]
[White "Musovic, Armin"]
[Black "Milovic, Jovan"]
[Result "0-1"]
[ECO "B00"]
[WhiteElo "2268"]
[BlackElo "2223"]
[Annotator "NA RC"]
[PlyCount "132"]
[EventDate "2024.02.06"]
[EventType "swiss"]
[EventCountry "MNE"]
[SourceTitle "playchess.com"]
[Source "ChessBase"]
[SourceQuality "1"]
[TimeControl "40/5400+30:1800+30"]

1. e4 b6 2. Nc3 Bb7 3. Nf3 e6 4. a3 g5 5. d4 g4 6. Ne5 h5 7. h3 d6 8. Nd3 gxh3 9. Rxh3 h4 10. d5 e5 11. Nb4 a6 12. Be3 Bc8 13. Rh1 Bh6 14. Bxh6 Rxh6 15. Qd2 Qf6 16. O-O-O Ne7 17. Kb1 Qg7 18. Be2 Nd7 19. Bg4 Rh8 20. Qe2 b5 21. Rdg1 Kd8 22. Bh3 Nb6 23. Nc6+ Nxc6 24. dxc6 Be6 25. g3 hxg3 26. Rxg3 Qf8 27. Qf3 Ke7 28. Bxe6 fxe6 29. Qg2 Re8 30. Rg7+ Kd8 31. Rxh8 Qxh8 32. a4 bxa4 33. Qg6 Qh1+ 34. Ka2 Qf1 35. Rg8 Qc4+ 36. Ka1 Qxc6 37. Qf6+ Kd7 38. Qf7+ Kd8 39. Qf6+ Kd7 40. Rxe8 Kxe8 41. Qxe6+ Kd8 42. Qg8+ Qe8 43. Qg4 Qf7 44. Qe2 a5 45. Kb1 Qc4 46. Qxc4 Nxc4 47. Ka2 Nb6 48. Ka3 Kd7 49. Nxa4 Nc4+ 50. Ka2 Kc6 51. Nc3 Nd2 52. Ka3 Kc5 53. Ka4 c6 54. Kxa5 Nc4+ 55. Ka4 Nxb2+ 56. Kb3 Nc4 57. Ne2 Nd2+ 58. Kb2 Nxe4 59. f4 Kc4 60. fxe5 dxe5 61. Ng1 Nc3 62. Nf3 e4 63. Ne5+ Kd5 64. Nxc6 Na4+ 65. Ka3 Kxc6 66. Kxa4 e3 0-1

[Event "76th Montenegro Championship 2024"]
[Site "Podgorica"]
[Date "2024.02.11"]
[Round "6.11"]
[White "Nikac, Predrag"]
[Black "Skvortsova, Alena"]
[Result "1/2-1/2"]
[ECO "B24"]
[WhiteElo "2304"]
[BlackElo "2111"]
[Annotator "RC"]
[PlyCount "126"]
[EventDate "2024.02.06"]
[EventType "swiss"]
[EventCountry "MNE"]
[SourceTitle "playchess.com"]
[Source "ChessBase"]
[SourceQuality "1"]
[TimeControl "40/5400+30:1800+30"]

1. e4 c5 2. Nc3 Nc6 3. Nge2 Nf6 4. g3 g6 5. Bg2 Bg7 6. O-O O-O 7. f4 d6 8. h3 Rb8 9. g4 Nd4 10. Ng3 Nd7 11. Nd5 e6 12. Ne3 Nb6 13. a4 a5 14. c3 Nc6 15. Qb3 Kh8 16. d3 Ne7 17. g5 d5 18. e5 Nf5 19. Nexf5 exf5 20. Qb5 Nd7 21. Be3 b6 22. Qb3 Bb7 23. Bxd5 Bxd5 24. Qxd5 Nxe5 25. Qxd8 Rbxd8 26. fxe5 Bxe5 27. Bf4 Bxf4 28. Rxf4 Rxd3 29. Kg2 Re8 30. Raf1 Kg7 31. R1f2 f6 32. h4 fxg5 33. hxg5 h6 34. gxh6+ Kxh6 35. Nf1 Re1 36. Nd2 Ra1 37. Nf3 Rd5 38. Rh4+ Kg7 39. Re2 Kf6 40. Rh7 f4 41. c4 Rd6 42. Ree7 g5 43. Rhf7+ Kg6 44. Rg7+ Kh6 45. Rh7+ Kg6 46. Reg7+ Kf6 47. Rxg5 Rd2+ 48. Nxd2 Kxg5 49. b3 Kf5 50. Kf2 Ke5 51. Rh6 Ra2 52. Ke1 Kd4 53. Rxb6 f3 54. Rf6 Ra1+ 55. Kf2 Ra2 56. Rd6+ Kc3 57. Ke3 f2 58. Rd3+ Kc2 59. Rd5 Kc3 60. Rxc5 Rxd2 61. Rf5 Rd1 62. Ke2 Rd2+ 63. Ke3 Rd1 1/2-1/2

[Event "76th Montenegro Championship 2024"]
[Site "Podgorica"]
[Date "2024.02.11"]
[Round "6.12"]
[White "Djukanovic, Sreten"]
[Black "Kalezic, Blazo"]
[Result "0-1"]
[ECO "D47"]
[WhiteElo "2068"]
[BlackElo "2407"]
[Annotator "TA"]
[PlyCount "80"]
[EventDate "2024.02.06"]
[EventType "swiss"]
[EventCountry "MNE"]
[SourceTitle "playchess.com"]
[Source "ChessBase"]
[SourceQuality "1"]
[TimeControl "40/5400+30:1800+30"]

1. d4 d5 2. c4 c6 3. e3 Nf6 4. Nc3 e6 5. Nf3 Nbd7 6. Bd3 dxc4 7. Bxc4 b5 8. Bd3 Bb7 9. O-O Be7 10. e4 b4 11. e5 bxc3 12. exf6 Bxf6 13. bxc3 {[%emt 0:00:34] The position is equal.} c5 14. Bf4 cxd4 15. Nxd4 e5 (15... O-O $5 16. Bd6 Bxd4 17. cxd4 Qg5 $15) 16. Nf5 {[%emt 0:03:58] Nd6+ would now be deadly.} O-O 17. Be3 Nb6 18. Nd6 Bc6 19. Ne4 (19. Rc1 {looks sharper.} Nd5 20. c4 Qxd6 21. cxd5 Qxd5 22. Bxh7+ Kxh7 23. Qc2+) 19... Be7 20. f3 (20. Re1 $11) 20... Nd5 21. Bf2 Qa5 22. Re1 Rfd8 {[%emt 0:02:17][%cal Od5f4] And now ...Nf4! would win.} (22... Nxc3 $2 23. Nxc3 Bb4 (23... Qxc3 $2 24. Rc1 $18) 24. Ne4 $18) 23. Qc2 (23. Bg3 $142) 23... Ba4 $1 $17 24. Qc1 {[%emt 0:00:50] [#]} Rac8 $1 25. Qb2 Nxc3 26. Nxc3 Rxc3 ({Don't take} 26... Rxd3 27. Nxa4 Qxa4 28. Qxe5 $15) ({Don't play} 26... Qxc3 27. Qxc3 Rxc3 28. Bf1 $15) 27. Bf1 Rc2 28. Qb7 Rc7 29. Qb2 Rc2 (29... Bd6 $142 {Threatens to win with ...Rc2.} 30. Rac1 Re7) 30. Qb7 $1 Bc5 $36 {[%emt 0:00:09][%mdl 2048] Black is on the roll.} 31. Bxc5 Qxc5+ 32. Kh1 g6 {[%emt 0:02:12] Black has more active pieces.} ({Better is} 32... Bc6 $17 33. Qc7 Re8) 33. Qe4 $15 Qa3 34. Qxe5 Rxa2 35. Rxa2 (35. Qc7 $11 {remains equal.} Rf8 (35... Rxa1 $2 36. Qxd8+ Qf8 37. Qxf8+ Kxf8 38. Rxa1 $18) 36. Rxa2 Qxa2 37. Qxa7) 35... Qxa2 $17 36. Qe7 {[%emt 0:00:56] This costs White the game.} (36. Kg1 $17 {was worth a try.}) 36... Re8 $19 37. Qh4 {[%emt 0:00:21] [#]} Rxe1 38. Qxe1 Bb3 39. Qe8+ (39. h4 $17 {is a better defense.}) 39... Kg7 {[%emt 0:00:07] aiming for ...Qa1.} 40. Qe5+ f6 {[%emt 0:39:08] Weighted Error Value: White=0.22 (precise) /Black=0.13 (very precise) .  Mistake:       	White=5     	Black=2      Inaccurate:     	White=2     	Black=1      OK:         	White=9     	Black=9      Best:        	White=2     	Black=5      Strong:       	White=1     	Black=2} 0-1

[Event "76th Montenegro Championship 2024"]
[Site "Podgorica"]
[Date "2024.02.11"]
[Round "6.13"]
[White "Petrovic, Slavko"]
[Black "Drasko, Milan"]
[Result "0-1"]
[ECO "C04"]
[WhiteElo "1836"]
[BlackElo "2339"]
[Annotator "TA"]
[PlyCount "82"]
[EventDate "2024.02.06"]
[EventType "swiss"]
[EventCountry "MNE"]
[SourceTitle "playchess.com"]
[Source "ChessBase"]
[SourceQuality "1"]
[TimeControl "40/5400+30:1800+30"]

1. e4 e6 2. d4 d5 3. Nd2 Nc6 4. c3 e5 5. exd5 Qxd5 6. Qf3 Qxf3 7. Ngxf3 exd4 8. Nxd4 {[%emt 0:00:21] Black has an edge.} Nxd4 9. cxd4 Be6 10. Bc4 Bxc4 11. Nxc4 Ne7 12. Be3 Nd5 13. a3 Be7 14. Rc1 O-O-O 15. Ne5 Rhf8 16. Nd3 (16. O-O $15) 16... Bd6 (16... Rfe8 $17 {And now ...Bg5 would win.} 17. Ne5 Bf6) 17. O-O Rfe8 {[%emt 0:04:16] White is now going downhill.} 18. Rfe1 Re4 {[%emt 0:05:55] Black is more active.} 19. Nc5 Bxc5 20. Rxc5 {[%emt 0:03:05] [#]} Nxe3 $1 21. fxe3 Rdxd4 $17 {[%emt 0:00:21][%mdl 4096] Endgame. KRR-KRR} 22. Rec1 Rd7 ({Don't play} 22... Rxe3 $6 23. Rxc7+ Kd8 24. Rxf7 $11 (24. Rxb7 Rd7 $11)) 23. Kf2 c6 24. Kf3 Re6 25. R1c2 Rd3 26. Re2 b6 27. Rc4 Kc7 28. g4 b5 29. Rc1 (29. Rf4 $17 {was called for.}) 29... Kb6 $19 30. g5 c5 31. Kf4 c4 32. a4 a6 ({Not} 32... bxa4 33. Rxc4 Rd1 34. Rxa4 $11) 33. axb5 axb5 34. Ra1 f6 {[%emt 0:04:30] Strongly threatening ...fxg5+.} 35. h4 Rd7 36. Ra8 fxg5+ 37. Kf5 (37. hxg5 $142 Rf7+ 38. Kg4) 37... Rde7 {[%emt 0:04:23] ( -> ...Re4)} 38. hxg5 (38. Kxg5 $19 Rxe3 39. Rxe3 Rxe3 40. h5) 38... Rxe3 (38... Re4 $142 39. Rb8+ Kc7 40. Re8 g6+ 41. Kf6 R4e6#) 39. Rxe3 {[%emt 0:04:59] Black is clearly winning.} Rxe3 40. Rg8 Re7 41. Rh8 {[%emt 0:01:49] [#]} h6 $1 {[%emt 0:05:55] Weighted Error Value: White=0.63/Black=0.39.  Mistake:       	White=4     	Black=2      Inaccurate:     	White=4     	---        OK:         	White=5     	Black=21     Best:        	White=2     	Black=1} 0-1